 Dungeon Crawl Stone Soup version 0.22-a0-443-g17c3723931 (webtiles) character file.

20300 Ordine the Carver (level 13, 0/96 HPs)
             Began as a Formicid Fighter on May 31, 2018.
             Was an Elder of Dithmenos.
             Slain by a four-headed hydra (10 damage)
             ... on level 3 of the Lair of Beasts.
             The game lasted 00:44:42 (15345 turns).

Ordine the Carver (Formicid Fighter)               Turns: 15345, Time: 00:44:42

Health: 0/96       AC: 14    Str: 27    XL:     13   Next: 11%
Magic:  17/17      EV: 13    Int:  8    God:    Dithmenos [****..]
Gold:   905        SH: 19    Dex: 14    Spells: 12/12 levels left

rFire    . . .     SeeInvis +   b - +0 blowgun
rCold    . . .     Gourm    .   c - +1 shield
rNeg     . . .     Faith    .   w - +4 scale mail
rPois    +         Spirit   .   (helmet unavailable)
rElec    .         Reflect  +   i - +1 cloak
rCorr    .         Harm     .   (no gloves)
MR       +....                  (no boots)
Stlth    +++.......             g - +5 amulet of reflection
HPRegen  0.26/turn              v - ring of poison resistance
MPRegen  0.15/turn              n - +4 ring of slaying

@: mighty, wreathed by umbra, studying Throwing
A: permanent stasis, dig shafts and tunnels, four strong arms, antennae 3
a: Dig, Shaft Self, Shadow Step, Renounce Religion


You were on level 3 of the Lair of Beasts.
You worshipped Dithmenos.
Dithmenos was greatly pleased with you.
You were not hungry.

You visited 3 branches of the dungeon, and saw 14 of its levels.
You also visited: Bailey.

You collected 905 gold pieces.

Inventory:

Hand Weapons
 a - a +3 great sword of slicing
 b - a +0 blowgun (weapon)
 y - a +0 dagger of venom
 J - a +0 dagger of electrocution
Missiles
 H - 13 poisoned needles
 I - 3 curare-tipped needles (quivered)
 K - 16 tomahawks
Armour
 c - a +1 shield (worn)
 i - a +1 cloak (worn)
 w - a +4 scale mail (worn)
Jewellery
 d - an uncursed amulet of the acrobat
 g - a +5 amulet of reflection (around neck)
 h - an uncursed ring of magical power
 n - a +4 ring of slaying (right hand)
 v - a ring of poison resistance (left hand)
 C - an uncursed ring of protection from fire
 F - an uncursed ring of resist corrosion
Wands
 k - a wand of iceblast (15)
 l - a wand of polymorph (16)
 p - a wand of disintegration (31)
 r - a wand of flame (23)
 s - a wand of paralysis (6)
Scrolls
 o - 3 scrolls of remove curse
 z - a scroll of enchant armour
 D - 2 scrolls of magic mapping
Potions
 e - a potion of ambrosia
 j - 4 potions of curing
 m - 3 potions of agility
 q - 2 potions of lignification
 t - a potion of might
 u - a potion of magic
 A - 2 potions of resistance {unknown}
Books
 B - a manual of Throwing
Miscellaneous
 E - a phial of floods
Comestibles
 f - 29 rations
 L - 3 chunks of flesh


   Skills:
 + Level 7.4 Fighting
 * Level 12.8 Long Blades
 + Level 7.3 Armour
 + Level 5.3 Dodging
 + Level 7.8 Stealth
 - Level 10.0 Shields
 + Level 6.5 Invocations
 + Level 6.4 Evocations


You had 12 spell levels left.
You didn't know any spells.
Your spell library contained the following spells:

 Spells                   Type           Power        Failure   Level  Hunger
 Magic Dart               Conj           #...         65%         1    ##.....
 Confuse                  Hex            #.......     95%         3    ####...
 Throw Frost              Conj/Ice       #.....       80%         2    ###....
 Iskenderun's Mystic Bla  Conj           #.......     100%        4    #####..
 Freeze                   Ice            #...         65%         1    ##.....
 Summon Ice Beast         Ice/Summ       #.......     100%        4    #####..
 Ozocubu's Armour         Chrm/Ice       #.......     95%         3    ####...
 Tukima's Dance           Hex            #.......     95%         3    ####...
 Throw Icicle             Conj/Ice       #.......     100%        4    #####..
 Ensorcelled Hibernation  Hex/Ice        #.....       80%         2    ###....
 Corona                   Hex            #......      65%         1    ##.....
 Fulminant Prism          Conj/Hex       #.........   100%        4    #####..
 Dazzling Spray           Conj/Hex       #.....       95%         3    ####...
 Force Lance              Conj/Tloc      #.......     100%        4    #####..
 Searing Ray              Conj           #.....       80%         2    ###....


Dungeon Overview and Level Annotations

Branches:
Dungeon (10/15)            Temple (1/1) D:7            Lair (3/6) D:8
 Spider (0/4) Lair:2
  Swamp: Lair:2-4    Shoals: Lair:2-4       Orc: D:9-12

Altars:
Ashenzari
Cheibriados
Dithmenos
Elyvilon
Fedhas
Gozag
Hepliaklqana
Kikubaaqudgha
Makhleb
Nemelex Xobeh
Okawaru
Qazlal
Ru
Sif Muna
Trog
Uskayaw
Vehumet
Wu Jian
Xom
Yredelemnul
Zin
The Shining One

Shops:
D:4 :   D:8 [


Innate Abilities, Weirdness & Mutations

You cannot be hasted, slowed, berserked, paralysed or teleported.
You can dig through walls and to a lower floor.
Your four strong arms can wield two-handed weapons with a shield.
You have a pair of large antennae on your head. (SInv)


Message History

Press: ? - help, Shift-Dir - straight line, f - four-headed hydra
Aim: a four-headed hydra (lightly wounded, umbra)
You shoot a curare-tipped needle.
The curare-tipped needle barely misses the four-headed hydra.
The four-headed hydra bites you!
* * * LOW HITPOINT WARNING * * *
The four-headed hydra barely misses you.
You block the four-headed hydra's attack.
The four-headed hydra bites you but does no damage.
The komodo dragon completely misses you.
Unknown command.
Unknown command.
Firing (i - inventory. (/) - cycle)
I - 4 curare-tipped needles (quivered)
Press: ? - help, Shift-Dir - straight line, f/p - four-headed hydra
Aim: a four-headed hydra (umbra)
You shoot a curare-tipped needle.
The curare-tipped needle barely misses the four-headed hydra.
You block the four-headed hydra's attack. x2
The four-headed hydra bites you!
You die...

#.####..........###P...##
### ##...(....## #..###
#.........## ##..#
###P.........# #..####
###............###..P##.
#.......................
#........##..##...#.###.
#..$.....##.#####.### #.
#......@.#### #.# #.
#.....lD.# #.# ###.
#........# P.P.#...
#............ ........
#........#### ##..#.#..
#P........# #.###.#.
#....P....# #.# ###.
###.P##.(.# #. #.# ###.#
#.


You could see a four-headed hydra and a komodo dragon.

Vanquished Creatures
  A two-headed ogre (D:8)
  3 death yaks (Lair:1)
  An unseen horror (D:10)
  The ghost of Ordine the Carver, a novice FoFi (D:4)
  An orc knight (Bailey)
  An orb spider (Lair:2)
  An ugly thing (D:10)
  A torpor snail (Lair:3)
  A spiny frog (Lair:1)
  4 komodo dragons
  A troll (D:10)
  A queen bee (Lair:2)
  A hornet (D:8)
  7 hippogriffs
  9 blink frogs
  13 yaks
  2 basilisks
  A wyvern (D:8)
  3 hogs (D:8)
  A human (D:8)
  3 hungry ghosts
  Menkaure (D:5)
  4 water moccasins
  5 porcupines
  An ice beast (D:6)
  A sky beast (D:7)
  5 orc warriors
  A phantom (D:10)
  4 ogres
  6 centaurs
  9 wolves
  A big kobold (D:8)
  5 crocodiles
  A gnoll sergeant (D:10)
  9 bullfrogs
  3 scorpions
  8 wights
  25 killer bees (Lair:2)
  3 howler monkeys
  2 crimson imps
  A centaur zombie (D:10)
  2 orc priests (D:10)
  3 hounds
  Crazy Yiuf (D:2)
  A bullfrog skeleton (D:7)
  A gnoll shaman (D:6)
  5 jellies
  8 orc wizards
  3 centaur skeletons
  4 iguanas
  Ijyb (D:5)
  Natasha (thrice) (D:2)
  4 worker ants
  2 hound skeletons
  A worker ant zombie (D:5)
  11 adders
  9 gnolls
  3 shadow imps
  An ooze (D:7)
  3 worms
  3 dart slugs
  4 leopard geckos
  25 orcs
  3 ball pythons
  3 giant cockroaches
  10 goblins
  2 hobgoblins
  14 jackals
  6 quokkas
  7 bats
  A jackal skeleton (D:5)
  21 kobolds
  A leopard gecko skeleton (D:6)
  6 rats
  A fungus (D:9)
325 creatures vanquished.

Vanquished Creatures (others)
  Sonja (Lair:2)
  2 fungi (Lair:2)
  A plant (Lair:2)
4 creatures vanquished.

Grand Total: 329 creatures vanquished

Notes
Turn   | Place    | Note
-------+----------+-------------------------------------------
     0 | D:1      | Ordine the Formicid Fighter began the quest for the Orb.
     0 | D:1      | Reached XP level 1. HP: 18/18 MP: 1/1
    69 | D:1      | Reached XP level 2. HP: 24/24 MP: 2/2
   209 | D:1      | Reached XP level 3. HP: 27/29 MP: 3/3
   224 | D:1      | Reached skill level 3 in Long Blades
   824 | D:2      | Found a shimmering altar of Xom.
  1019 | D:2      | Reached XP level 4. HP: 33/35 MP: 4/4
  1125 | D:2      | Found a runed door.
  1129 | D:2      | Noticed Crazy Yiuf
  1133 | D:2      | Killed Crazy Yiuf
  1403 | D:2      | Reached skill level 4 in Long Blades
  1433 | D:2      | Noticed Natasha
  1448 | D:2      | Reached XP level 5. HP: 29/41 MP: 5/5
  1458 | D:2      | Killed Natasha
  1690 | D:2      | Noticed Natasha
  1703 | D:2      | Killed Natasha
  1703 | D:2      | Reached skill level 5 in Shields
  1930 | D:2      | Noticed Natasha
  1936 | D:2      | Killed Natasha
  1972 | D:2      | Reached XP level 6. HP: 35/47 MP: 6/6
  2322 | D:3      | Reached skill level 5 in Long Blades
  3162 | D:4      | Found a white marble altar of Elyvilon.
  3215 | D:4      | Noticed an ogre
  3221 | D:4      | Killed an ogre
  3484 | D:4      | Reached XP level 7. HP: 50/52 MP: 7/7
  3729 | D:5      | Entered Level 5 of the Dungeon
  3735 | D:5      | Reached skill level 6 in Long Blades
  3739 | D:5      | Noticed Ijyb
  3748 | D:5      | Killed Ijyb
  3809 | D:4      | Noticed Ordine's ghost (novice FoFi)
  3828 | D:4      | Killed Ordine's ghost
  3828 | D:4      | Reached skill level 7 in Long Blades
  3828 | D:4      | Reached XP level 8. HP: 38/58 MP: 8/8
  4032 | D:4      | Found Viaggayp's Book Shop.
  4321 | D:5      | Reached skill level 8 in Long Blades
  4395 | D:5      | Found a sparkling altar of Nemelex Xobeh.
  4405 | D:5      | Noticed Menkaure
  4409 | D:5      | Killed Menkaure
  5034 | D:6      | Reached XP level 9. HP: 45/64 MP: 9/9
  5131 | D:6      | Found a sacrificial altar of Ru.
  5219 | D:6      | Reached skill level 9 in Long Blades
  5477 | D:6      | Found a burning altar of Makhleb.
  5983 | D:6      | Found a shattered altar of Ashenzari.
  6034 | D:6      | Found a hazy altar of Hepliaklqana.
  6124 | D:7      | Found a stormy altar of Qazlal.
  6148 | D:7      | Reached skill level 10 in Long Blades
  6182 | D:7      | Reached skill level 1 in Stealth
  6370 | D:7      | Reached skill level 1 in Evocations
  6484 | D:7      | Found a staircase to the Ecumenical Temple.
  6503 | Temple   | Entered the Ecumenical Temple
  6697 | D:7      | Reached skill level 1 in Dodging
  6945 | D:7      | Found a burning altar of Makhleb.
  7170 | D:6      | Found a snail-covered altar of Cheibriados.
  7170 | D:6      | Found a shadowy altar of Dithmenos.
  7170 | D:6      | Found a basalt altar of Yredelemnul.
  7180 | D:6      | Became a worshipper of Dithmenos the Shadowed
  7224 | D:8      | Reached XP level 10. HP: 68/71 MP: 11/11
  7381 | D:8      | Found a flagged portal.
  7478 | Bailey   | Entered a bailey
  7599 | Bailey   | Noticed an orc knight
  7625 | Bailey   | HP: 4/106 [orc knight/war axe (14)]
  7627 | Bailey   | Killed an orc knight
  7627 | Bailey   | Reached skill level 1 in Invocations
  8104 | Bailey   | Found an iron altar of Okawaru.
  8198 | D:8      | Found Vuutuec's Armour Emporium.
  8668 | D:8      | Found a staircase to the Lair.
  8714 | D:8      | Found a shattered altar of Ashenzari.
  8758 | D:8      | Reached * piety under Dithmenos
  8831 | D:8      | Reached skill level 11 in Long Blades
  8842 | D:8      | Reached skill level 5 in Fighting
  8842 | D:8      | Reached skill level 5 in Armour
  8842 | D:8      | Reached XP level 11. HP: 49/79 MP: 13/13
  9251 | D:9      | Reached skill level 10 in Shields
  9333 | D:9      | Noticed a two-headed ogre
  9471 | D:8      | Killed a two-headed ogre
  9640 | D:9      | Reached skill level 5 in Stealth
 10116 | D:10     | Entered Level 10 of the Dungeon
 10260 | D:10     | Reached ** piety under Dithmenos
 10313 | D:10     | Noticed an unseen horror
 10371 | D:10     | Killed an unseen horror
 10392 | D:10     | Noticed a purple ugly thing
 10418 | D:10     | Killed a purple ugly thing
 11247 | Lair:1   | Entered Level 1 of the Lair of Beasts
 11274 | Lair:1   | Got a transparent scale mail
 11285 | Lair:1   | Identified the +1 scale mail of Joy {*Drain +Blink Regen+ rCorr} (You found it on level 1 of the Lair of Beasts)
 11783 | Lair:1   | Reached skill level 5 in Evocations
 11783 | Lair:1   | Reached XP level 12. HP: 88/88 MP: 15/15
 11830 | Lair:1   | Reached *** piety under Dithmenos
 11916 | Lair:1   | Reached skill level 12 in Long Blades
 11916 | Lair:1   | Reached skill level 5 in Invocations
 12835 | Lair:2   | Noticed a death yak
 12839 | Lair:2   | Noticed a death yak
 12847 | Lair:2   | Noticed a death yak
 12862 | Lair:1   | Killed a death yak
 12974 | Lair:1   | Killed a death yak
 12984 | Lair:1   | Killed a death yak
 13135 | Lair:2   | Noticed Sonja
 13149 | Lair:2   | Found a hole to the Spider Nest.
 13164 | Lair:2   | Killed Sonja
 13333 | Lair:2   | Reached **** piety under Dithmenos
 13365 | Lair:2   | Reached skill level 5 in Dodging
 14899 | Lair:3   | Reached XP level 13. HP: 80/96 MP: 17/17
 15329 | Lair:3   | Noticed a four-headed hydra
 15345 | Lair:3   | Slain by a four-headed hydra

Vault maps used:
D:1:      dpeg_arrival_simpleton_c, serial_bayou_pond_d
D:2:      lemuel_round_altar, uniq_natasha, uniq_crazy_yiuf_cottage
D:3:      first_ration
D:4:      serial_shops, nicolae_shop_trees, elyvilon_altar_4
D:5:      st_stairs_1, minmay_holes, nemelex_spade_bored_becter, uniq_ijyb,
          uniq_menkaure
D:6:      lemuel_doored_altar, nicolae_overflow_hidden_temple,
          kennysheep_mini_moat, basic_altar, minmay_crossroads
D:7:      overflow_temple_1_default, minmay_temple_entry_large_hall,
          makhleb_heckhound_becter
D:8:      ashenzari_conservatory_becter, lair_entry_dummy, serial_shops,
          nicolae_shop_competitors_out_of_business, enter_bailey_8,
          grunt_livestock
D:9:      minmay_gold_behind_fungi
Temple:   nicolae_temple_god_jail
Lair:2:   nicolae_spider_entry_orb_guardian, minmay_hedge_maze, uniq_sonja
Lair:3:   grunt_megastairs_2
Bailey:   bailey_axe_3, bailey

Skill      XL: |  1  2  3  4  5  6  7  8  9 10 11 12 |
---------------+-------------------------------------+-----
Shields        | 4 5 7 8 9 10 | 10.0
Long Blades    | 3 4 5 7 8 10 11 12 | 12.8
Stealth        | 1 4 6 7 |  7.8
Evocations     | 1 3 5 6 |  6.4
Dodging        | 1 2 4 5 |  5.3
Fighting       | 5 6 7 |  7.4
Armour         | 5 6 7 |  7.3
Invocations    | 2 4 6 |  6.5

Action                   |  1- 3 |  4- 6 |  7- 9 | 10-12 | 13-15 || total
-------------------------+-------+-------+-------+-------+-------++-------
Melee: Long sword        |   105 |   163 |   250 |   175 |       ||   693
       Great sword       |       |       |       |   453 |    43 ||   496
       Unarmed           |       |       |       |     8 |       ||     8
 Fire: Blowgun           |       |       |       |       |     2 ||     2
  Use: Scroll            |     6 |     2 |     4 |     9 |     2 ||    23
       Potion            |       |       |     3 |     2 |     2 ||     7
 Stab: Sleeping          |       |       |       |     2 |       ||     2
       Distracted        |       |       |       |     1 |       ||     1
  Eat: Chunk             |     1 |     8 |    10 |    27 |       ||    46
       Ration            |       |       |     1 |     3 |       ||     4
Armor: Scale mail        |    60 |    51 |    58 |   131 |    12 ||   312
       Skin              |       |       |       |     6 |       ||     6
Dodge: Dodged            |    41 |    52 |    58 |   207 |    22 ||   380
Block: Shield            |    67 |    98 |   127 |   537 |    48 ||   877
       Reflection        |       |       |       |     5 |       ||     5
       Rpst.: Long sword |    11 |    18 |    19 |     9 |       ||    57
       Great sword       |       |       |       |    48 |     6 ||    54

Table legend:
 A = Spawn XP
 B = Non-spawn XP
 C = Spawn XP percentage of total XP
 D = Spawn monster count
 E = Non-spawn monster count
 F = Spawn count percentage of total count
 G = Total turns spent on level
                    A         B        C        D         E        F      G
               +---------+---------+-------+---------+---------+-------+---------
         Total |       0 |   29001 |   0.0 |       0 |     325 |   0.0 | 15345
               +---------+---------+-------+---------+---------+-------+---------
           D:1 |       0 |      32 |   0.0 |       0 |      17 |   0.0 |   381
           D:2 |       0 |     258 |   0.0 |       0 |      32 |   0.0 |  1932
           D:3 |       0 |      66 |   0.0 |       0 |      17 |   0.0 |   803
           D:4 |       0 |     933 |   0.0 |       0 |       9 |   0.0 |  1316
           D:5 |       0 |     537 |   0.0 |       0 |      14 |   0.0 |   893
           D:6 |       0 |     846 |   0.0 |       0 |      24 |   0.0 |  1315
           D:7 |       0 |    1067 |   0.0 |       0 |      16 |   0.0 |  1058
           D:8 |       0 |    4485 |   0.0 |       0 |      37 |   0.0 |  1633
           D:9 |       0 |     906 |   0.0 |       0 |      22 |   0.0 |  1019
          D:10 |       0 |    2999 |   0.0 |       0 |      34 |   0.0 |   867
        Lair:1 |       0 |    6875 |   0.0 |       0 |      22 |   0.0 |  1458
        Lair:2 |       0 |    4684 |   0.0 |       0 |      45 |   0.0 |  1300
        Lair:3 |       0 |    4390 |   0.0 |       0 |      22 |   0.0 |   615
        Bailey |       0 |     923 |   0.0 |       0 |      14 |   0.0 |   683
               +---------+---------+-------+---------+---------+-------+---------
